 Dungeon Crawl Stone Soup version 0.29-a0-824-gd827844252 (webtiles) character file.

Game seed: 14342484691578456613

1892 inmateoo the Summoner (level 9, 0/52 HPs)
             Began as a Tengu Summoner on July 10, 2022.
             Was an Initiate of Hepliaklqana.
             Slain by an unseen horror (5 damage)
             ... on level 6 of the Dungeon.
             The game lasted 00:12:16 (6897 turns).

inmateoo the Summoner (Tengu Summoner)              Turns: 6897, Time: 00:12:17

Health: 0/52       AC:  5    Str:  9    XL:     9   Next: 15%
Magic:  15/17      EV: 15    Int: 25    God:    Hepliaklqana [......]
Gold:   346        SH:  0    Dex: 15    Spells: 6/18 levels left

rFire   + . .      SeeInvis .   j - +2 dagger (freeze)
rCold   . . .      Faith    .   (no shield)
rNeg    . . .      Spirit   .   l - +2 leather armour {rF+}
rPois   .          Reflect  .   (helmet restricted)
rElec   .          Harm     .   (no cloak)
rCorr   .          Rampage  .   (no gloves)
Will    .....                   (boots unavailable)
Stlth   +++.......              p - amulet of the acrobat
HPRegen 0.17/turn               h - +6 ring of intelligence
MPRegen 0.15/turn               q - ring of wizardry

@: flying quickly and evasively, quick
A: beak, talons 3, nimble flight
a: Renounce Religion


You were on level 6 of the Dungeon.
You worshipped Hepliaklqana.
Hepliaklqana was noncommittal.
You visited 2 branches of the dungeon, and saw 7 of its levels.
You also visited: Sewer.

You collected 346 gold pieces.

Inventory:

Hand Weapons
 j - a +2 dagger of freezing (weapon)
Missiles
 a - 2 throwing nets (quivered)
 g - 3 poisoned darts
Armour
 l - a +2 leather armour of fire resistance (worn)
 r - a +1 robe of willpower
Jewellery
 h - a +6 ring of intelligence (left hand)
 p - an amulet of the acrobat (around neck)
 q - a ring of wizardry (right hand)
 u - a +6 ring of intelligence
 w - a ring of ice
Wands
 k - a wand of flame (6)
 s - a wand of roots (14)
Scrolls
 d - 3 scrolls of blinking
 m - a scroll of amnesia
 n - 2 scrolls of fear
 o - a scroll of fog {unknown}
 v - 6 scrolls of teleportation {unknown}
 y - a scroll of enchant weapon {unknown}
 z - a scroll of silence
 C - a scroll of identify
Potions
 b - a potion of magic
 c - 2 potions of mutation
 e - a potion of resistance
 f - 5 potions of heal wounds
 i - 3 potions of curing
 t - a potion of haste {unknown}
 x - 2 potions of might
 A - a potion of invisibility {unknown}
 B - a potion of berserk rage


   Skills:
 + Level 4.4 Fighting
 + Level 4.6 Dodging
 + Level 4.6 Stealth
 + Level 5.3 Spellcasting
 + Level 8.3 Summonings
 + Level 5.7 Air Magic


You had 6 spell levels left.
You knew the following spells:

 Your Spells              Type           Power      Damage    Failure   Level
a - Summon Lightning Spi  Summ/Air       41%        N/A       2%          4
b - Call Imp              Summ           48%        N/A       1%          2
c - Call Canine Familiar  Summ           48%        N/A       1%          3
d - Summon Guardian Gole  Hex/Summ       27%        N/A       2%          3

Your spell library contained the following spells:

 Spells                   Type           Power      Damage    Failure   Level
 Summon Small Mammal      Summ           100%       N/A       1%          1
 Magic Dart               Conj           24%        1d4       4%          1
 Mephitic Cloud           Conj/Pois/Air  16%        N/A       6%          3
 Sublimation of Blood     Necr           6%         N/A       7%          2
 Wereblood                Tmut           6%         N/A       7%          2
 Tukima's Dance           Hex            6%         N/A       14%         3
 Olgreb's Toxic Radiance  Pois           6%         N/A       41%         4
 Passage of Golubria      Tloc           6%         N/A       41%         4
 Yara's Violent Unravell  Hex/Tmut       3%         3d4       75%         5
 Summon Hydra             Summ           24%        N/A       73%         7
 Ozocubu's Refrigeration  Ice            3%         4d5       100%        7
 Ignition                 Fire           3%         3d4       100%        8


Dungeon Overview and Level Annotations

Branches:
Dungeon (6/15)             Temple (1/1) D:6           Sewer (visited)

Altars:
Ashenzari
Cheibriados
Fedhas
Hepliaklqana
Kikubaaqudgha
Makhleb
Okawaru
Qazlal
Trog
Uskayaw
Vehumet
Xom
Zin


Innate Abilities, Weirdness & Mutations

You have a beak for a mouth.
You have claws for feet.
Your magical nature lets you fly swiftly and evasively.


Message History

A jelly comes into view.
The helpless jelly fails to defend itself.
You impale the jelly!! You freeze the jelly.
You kill the jelly!
You swap places.
Found a stone staircase leading down.
There is a stone staircase leading down here.
Found a broad axe.
You swap places.
There is a stone staircase leading down here.
There is a strange disturbance nearby!
There is a strange disturbance nearby!
You swap places.
Something hits your hound but does no damage.
Casting: Call Canine Familiar (safe; 1% risk of failure)
Confirm with . or Enter, or press ? or * to list all spells.
Your hound disappears in a puff of smoke!
Something hits you.
Deactivating autopickup; reactivate with Ctrl-A.
Something hits your wolf. Something hits you.
Your wolf barely misses something.
You closely miss something. You claw something. Your peck misses something.
Something hits you! Something barely misses your wolf.
Your wolf bites something!
Something hits you.
You closely miss something. Your kick misses something.
Your peck misses something. Something hits you!
Your wolf bites something but does no damage.
Something closely misses your wolf.
Your wolf barely misses something.
Something closely misses your wolf.
You hit something but do no damage. Something hits you!
* * * LOW HITPOINT WARNING * * *
Something closely misses your wolf.
Your wolf bites something but does no damage.
Something hits your wolf!
Your wolf bites something.
You hit something but do no damage. Something hits you!
* * * LOW HITPOINT WARNING * * *
Something hits your wolf but does no damage.
Your wolf bites something.
Something closely misses you.
You closely miss something. Something hits you.
You die...

#.#..# #.........###.## .###.#
.#### #####.##### #.# #.#..#
.....# #.# #.# .###.# .. ... #.#
##'## #.#..# .# #.. #.# ##...##
####.##.###..# ###.# ##.....# #
#...#..##..# ##.#.# ##.......
###....#.##..#####....###........
'.............h{@.......+........
####.....###.#####....###........
# ##...###########.#.# ##...)...
#.#..≈≈≈≈≈≈≈≈≈..#.# ##....)#
#.#..≈≈≈≈.≈≈≈≈..#.# ##.)..)
#.##.≈≈≈≈≈≈≈≈≈.##.## ##+#..
#.##############.#.## #.#.. #.
#>###.# #.#.. ## #. #####..#.##
##.#..


You could see a friendly wolf (summoned).

Vanquished Creatures
  A phantom (D:4)
  A bullfrog (Sewer)
  A necrophage (D:6)
  2 scorpions
  A jelly (D:6)
  An orc priest (D:5)
  A hound (D:5)
  An iguana (D:6)
  2 river rats (Sewer)
  5 adders
  2 worms
  A dart slug (D:1)
  4 orcs
  4 bats
  4 endoplasms
  3 giant cockroaches
  10 goblins
  7 hobgoblins
  9 ball pythons
  3 frilled lizards
  4 kobolds
  14 rats
81 creatures vanquished.

Vanquished Creatures (collateral kills)
  The ghost of Mesmaeker13 the Magician, a novice DjFE (D:5)
  2 water moccasins
  A black bear (D:6)
  An ogre (D:6)
  A bullfrog (Sewer)
  2 scorpions
  A necrophage (D:6)
  4 hounds
  An orc priest (D:3)
  2 iguanas
  3 orc wizards
  4 gnolls (D:6)
  2 adders
  2 river rats (Sewer)
  2 shadow imps (D:5)
  An ufetubus (D:5)
  2 worms (D:2)
  2 dart slugs (D:2)
  10 orcs
  3 bats
  3 endoplasms
  A goblin (D:2)
  7 quokkas
  7 ball pythons (Sewer)
  14 frilled lizards
  3 kobolds
  14 rats (Sewer)
96 creatures vanquished.

Vanquished Creatures (others)
  7 plants (D:2)
  A withered plant (D:5)
8 creatures vanquished.

Grand Total: 185 creatures vanquished

Notes
Turn   | Place    | Note
-------+----------+-------------------------------------------
     0 | D:1      | inmateoo the Tengu Summoner began the quest for the Orb.
     0 | D:1      | Reached XP level 1. HP: 10/10 MP: 4/4
   214 | D:1      | Reached XP level 2. HP: 11/16 MP: 3/6
   217 | D:1      | Learned a level 2 spell: Call Imp
   573 | D:1      | Reached skill level 5 in Summonings
   723 | D:1      | Found a faded altar of an unknown god.
   951 | D:2      | Reached skill level 1 in Fighting
   953 | D:2      | Reached XP level 3. HP: 20/20 MP: 1/7
  1559 | D:2      | HP: 1/20 [worm (10)]
  1871 | D:2      | Learned a level 3 spell: Call Canine Familiar
  2100 | D:2      | Reached XP level 4. HP: 25/25 MP: 8/8
  2441 | D:3      | Gained mutation: Your magical nature lets you fly swiftly
                  | and evasively. [Tengu growth]
  2441 | D:3      | Reached XP level 5. HP: 30/30 MP: 1/10
  3406 | D:4      | Noticed a water moccasin
  3424 | D:4      | Killed a water moccasin
  3425 | D:4      | Reached XP level 6. HP: 37/37 MP: 0/11
  3430 | D:4      | Learned a level 4 spell: Summon Lightning Spire
  4049 | D:5      | Entered Level 5 of the Dungeon
  4074 | D:5      | Reached skill level 1 in Air Magic
  4130 | D:4      | Reached XP level 7. HP: 9/41 MP: 2/13
  4901 | D:5      | Reached skill level 6 in Summonings
  4911 | D:5      | Learned a level 3 spell: Summon Guardian Golem
  5010 | D:5      | Reached XP level 8. HP: 45/48 MP: 11/15
  5380 | D:5      | Found a runed translucent door.
  5380 | D:5      | Noticed Mesmaeker13's ghost (novice DjFE)
  5439 | D:5      | Killed Mesmaeker13's ghost
  5440 | D:5      | Reached skill level 5 in Air Magic
  5520 | D:6      | Reached skill level 7 in Summonings
  5596 | D:6      | Found a glowing drain.
  5630 | Sewer    | Entered a sewer
  6009 | Sewer    | Reached skill level 5 in Spellcasting
  6010 | Sewer    | Reached skill level 8 in Summonings
  6071 | D:6      | Noticed a purple ugly thing
  6170 | D:6      | Found a staircase to the Ecumenical Temple.
  6176 | Temple   | Entered the Ecumenical Temple
  6374 | Temple   | Became a worshipper of Hepliaklqana the Forgotten
  6618 | D:6      | Reached XP level 9. HP: 52/52 MP: 17/17
  6897 | D:6      | Slain by an unseen horror

Illustrated notes

Levels and vault maps discovered:
D:1:      minmay_arrival_glassed_features, layout_basic,
          shapermc_ecumenical_altar_mp_highgroup,
          amcnicky_mini_rare_corridor_liquid
D:2:      layout_basic, kennysheep_pointless_box, minmay_lizard_king
D:3:      layout_basic
D:4:      layout_loops_ring, minmay_fractal_squares_diagonal_5
D:5:      layout_basic, gammafunk_ghost_grave, minmay_bent
D:6:      layout_loops_corners, minmay_temple_entry_enclosed_plants,
          portal_sewer_entry_f, minmay_small_thing
Temple:   mainiacjoe_temple_big_plus

Skill      XL: |  1  2  3  4  5  6  7  8 |
---------------+-------------------------+-----
Summonings     | 5 6 8 |  8.3
Fighting       | 1 2 3 4 |  4.4
Dodging        | 3 4 |  4.6
Stealth        | 3 4 |  4.6
Spellcasting   | 3 4 5 |  5.3
Air Magic      | 2 4 5 |  5.7

Action                   |  1- 3 |  4- 6 |  7- 9 || total
-------------------------+-------+-------+-------++-------
Melee: Short sword       |    47 |     3 |       ||    50
       Unarmed           |     4 |       |       ||     4
       Kick              |    12 |    10 |    31 ||    53
       Peck              |     4 |    21 |    22 ||    47
       Dagger            |       |    61 |   110 ||   171
       Punch             |       |     2 |     1 ||     3
 Cast: Summon Small Mamm |    21 |     7 |       ||    28
       Call Imp          |    13 |    12 |     2 ||    27
       Call Canine Famil |     1 |    12 |    17 ||    30
       Summon Lightning  |       |     1 |    12 ||    13
       Summon Guardian G |       |       |     2 ||     2
  Use: Scroll            |     4 |     2 |     9 ||    15
 Stab: Sleeping          |     1 |     3 |     4 ||     8
       Distracted        |       |       |     3 ||     3
Armor: Robe              |     9 |     1 |       ||    10
       Leather armour    |       |     9 |    24 ||    33
Dodge: Dodged            |    25 |    32 |    91 ||   148

Table legend: (Time is in decaauts)
 A = Elapsed time spent in this place.
 B = Non-inter-level travel time spent in this place.
 C = Inter-level travel time spent in this place.
 D = Time resting spent in this place.
 E = Time spent auto-exploring this place.
 F = Levels seen in this place.
 G = Mean time per level.
                   A        B        C        D        E       F      G
               +--------+--------+--------+--------+--------+-----+--------+
         Total |   6610 |   6444 |    166 |   2036 |   3037 |   8 |  826.2 |
       Dungeon |   6005 |   5872 |    133 |   1893 |   2831 |   6 | 1000.8 |
        Temple |    214 |    181 |     33 |      0 |    171 |   1 |  214.0 |
         Sewer |    389 |    389 |      0 |    143 |     33 |   1 |  389.0 |
               +--------+--------+--------+--------+--------+-----+--------+

Top non-repeatable levels by time:
     D:2: 1432 daAuts
     D:5: 1078 daAuts
     D:4: 1070 daAuts
     D:1: 985 daAuts
     D:3: 719 daAuts
     D:6: 719 daAuts
   Sewer: 389 daAuts
  Temple: 214 daAuts
